 Dungeon Crawl Stone Soup version 0.16.1-11-g651b585 (webtiles) character file.

124 jacksonaction the Stinger (level 4, -1/30 HPs)
             Began as a Demonspawn Venom Mage on Apr 7, 2015.
             Was an Initiate of Sif Muna.
             Slain by Crazy Yiuf
             ... wielding a +2 quarterstaff of chaos
              (4 damage)
             ... on level 3 of the Dungeon.
             The game lasted 00:28:44 (4494 turns).

jacksonaction the Stinger (Demonspawn Venom Mage)   Turns: 4494, Time: 00:28:44

Health: -1/30      AC:  2    Str:  9    XL:     4   Next: 81%
Magic:  0/7        EV: 12    Int: 17    God:    Sif Muna [......]
Gold:   156        SH:  0    Dex: 13    Spells: 3 memorised, 1 level left

rFire  . . .     SeeInvis .     (no weapon)
rCold  . . .     Clarity  .     a - +0 robe
rNeg   . . .     SustAb   .     (no shield)
rPois  .         Gourm    .     (helmet restricted)
rElec  .         Spirit   .     (no cloak)
rCorr  .         Warding  .     (no gloves)
rMut   .         Stasis   .     (no boots)
MR     .....                    (no amulet)
Stlth  ++........               (no ring)
                                (no ring)

@: not resistant to hostile enchantments, unstealthy
A: antennae 1
a: Renounce Religion


You were on level 3 of the Dungeon.
You worshipped Sif Muna.
Sif Muna was noncommittal.
You were hungry.

You visited 1 branch of the dungeon, and saw 3 of its levels.

You collected 156 gold pieces.

Inventory:

Hand weapons
 x - a +1 whip of venom
 y - a cursed -2 dagger
Missiles
 f - 76 stones (quivered)
 q - 10 poisoned needles
Armour
 a - a +0 robe (worn)
 l - a cursed +0 robe
 p - a +1 pair of boots
Scrolls
 e - 2 scrolls of enchant armour {unknown}
 g - a scroll of random uselessness {unknown}
 h - a scroll of fear {unknown}
 j - 6 scrolls of magic mapping {unknown}
 z - 2 scrolls of remove curse {unknown}
 A - a scroll of enchant weapon {unknown}
Potions
 i - 2 potions of mutation {unknown}
 m - 2 potions of curing
 n - a potion of poison {unknown}
 o - a potion of lignification {unknown}
 r - 3 potions of magic {unknown}
 s - a potion of brilliance {unknown}
 u - a potion of resistance {unknown}
Books
 b - a Young Poisoner's Handbook

   Spells                             Type                      Level
   a - Sting                          Conjuration/Poison           1
   b - Cure Poison                    Poison                       2
   c - Mephitic Cloud                 Conjuration/Poison/Air       3
   d - Olgreb's Toxic Radiance        Poison                       4
   e - Venom Bolt                     Conjuration/Poison           5
Comestibles
 c - 4 bread rations
 t - 2 slices of pizza
 v - a meat ration


   Skills:
 - Level 1.7 Dodging
 - Level 1.7 Stealth
 - Level 2.0 Spellcasting
 - Level 3.0 Conjurations
 + Level 5.2 Poison Magic


You had one spell level left.
You knew the following spells:

 Your Spells              Type           Power        Failure   Level  Hunger
a - Sting                 Conj/Pois      ###.         3%          1    #......
b - Cure Poison           Pois           ###.......   3%          2    ###....
c - Mephitic Cloud        Conj/Pois/Air  ##......     21%         3    ###....


Dungeon Overview and Level Annotations

Branches:
Dungeon (3/15)

Altars:
Dithmenos
Makhleb
Ru
Sif Muna

Annotations:
D:3 Crazy Yiuf


Innate Abilities, Weirdness & Mutations

You have a pair of small antennae on your head.


Message History

The sting hits Crazy Yiuf.
Crazy Yiuf appears unharmed.
Crazy Yiuf is lightly wounded.
Casting: Sting
Confirm with . or Enter, or press ? or * to list all spells.
Aiming: Sting
Press: ? - help, Shift-Dir - straight line, f/p - Crazy Yiuf
Aim: Crazy Yiuf, wielding a quarterstaff of chaos and wearing a glowing cloak (lightly wounded)
The sting hits Crazy Yiuf.
Crazy Yiuf is moderately wounded.
Crazy Yiuf completely misses you.
Casting: Sting
Confirm with . or Enter, or press ? or * to list all spells.
Aiming: Sting
Press: ? - help, Shift-Dir - straight line, f/p - Crazy Yiuf
Aim: Crazy Yiuf, wielding a quarterstaff of chaos and wearing a glowing cloak (moderately wounded)
The sting hits Crazy Yiuf.
Crazy Yiuf appears unharmed.
Crazy Yiuf is moderately wounded.
Crazy Yiuf says, "Crazy?
Crazy!?
PORCUPINE!"
Crazy Yiuf hits you with a quarterstaff of chaos.
You die...

..#....#.≈#≈.≈#≈.#...#
##.#
.###...#.≈#≈.≈#≈.#...#
#.## ##
##'##≈≈#≈.≈#≈≈#...#
#.##
#.##≈≈#≈.≈#≈≈#####
#..# #.##≈≈#≈†≈#≈.#
#.##
#####.##≈≈##≈...≈#
#.##
.......≈≈≈###..≈###
#.##
.##.....≈##.#####.#
#..#
.###.....###...g@.#
#.##
...##.....#..######
#.# .#.###..#....#
#.## )#.........#.#
#... .#####.......#
#### .......#######
########


You could see Crazy Yiuf.

Vanquished Creatures
  Robin (D:3)
  3 adders (D:2)
  2 giant mites (D:3)
  2 giant geckos (D:3)
  An orc (D:3)
  11 bats
  6 giant cockroaches
  9 hobgoblins
  A giant newt (D:2)
  17 goblins
  11 kobolds
  A quokka (D:2)
  7 rats
72 creatures vanquished.

Vanquished Creatures (collateral kills)
  2 goblins (D:3)
2 creatures vanquished.

Grand Total: 74 creatures vanquished

Notes
Turn   | Place    | Note
--------------------------------------------------------------
     0 | D:1      | jacksonaction, the Demonspawn Venom Mage, began the quest for the Orb.
     0 | D:1      | Reached XP level 1. HP: 13/13 MP: 3/3
   590 | D:1      | Gained mutation: You have a pair of small antennae on your head. [demonic ancestry]
   590 | D:1      | Reached XP level 2. HP: 19/19 MP: 0/4
   759 | D:1      | Learned a level 2 spell: Cure Poison
  1511 | D:2      | Reached skill level 5 in Poison Magic
  1511 | D:2      | Reached XP level 3. HP: 20/24 MP: 1/6
  1581 | D:2      | Learned a level 3 spell: Mephitic Cloud
  1723 | D:2      | Reached skill level 1 in Conjurations
  2419 | D:3      | Noticed Robin
  3128 | D:3      | Reached XP level 4. HP: 30/30 MP: 2/7
  3183 | D:3      | Killed Robin
  3434 | D:3      | Found a sacrificial altar of Ru.
  3791 | D:3      | Found a shadowy altar of Dithmenos.
  3794 | D:3      | Found a deep blue altar of Sif Muna.
  3797 | D:3      | Found a burning altar of Makhleb.
  3800 | D:3      | Became a worshipper of Sif Muna the Loreminder
  3854 | D:3      | Noticed Crazy Yiuf
  4494 | D:3      | Slain by Crazy Yiuf

Action                   |  1- 3 |  4- 6 || total
-------------------------+-------+-------++-------
Melee: Unarmed           |    15 |     8 ||    23
Throw: Javelin           |     6 |     2 ||     8
       Stone             |     6 |       ||     6
 Cast: Sting             |    83 |    49 ||   132
       Mephitic Cloud    |     4 |     2 ||     6
       Cure Poison       |       |     2 ||     2
  Eat: Chunk             |     8 |     4 ||    12
       Beef jerky        |       |     1 ||     1
